 Dungeon Crawl Stone Soup version 0.29-a0-492-g10b964d8d7 (webtiles) character file.

Game seed: 6921820392844538047

11335 Ijustatesigmund the Thaumaturge (level 11, -10/83 HPs)
             Began as a Gnoll Fire Elementalist on May 27, 2022.
             Was an Elder of Cheibriados.
             Mangled by a boulder beetle (14 damage)
             ... on level 12 of the Dungeon.
             The game lasted 00:30:13 (15392 turns).

Ijustatesigmund the Thaumaturge (GnFE)             Turns: 15392, Time: 00:30:14

Health: -10/83     AC: 14    Str: 18    XL:     11   Next: 76%
Magic:  13/23      EV: 18    Int: 29    God:    Cheibriados [****..]
Gold:   447        SH:  0    Dex: 22    Spells: 15/26 levels left

rFire   . . .      SeeInvis +   i - +5 war axe (vamp)
rCold   . . .      Faith    .   (no shield)
rNeg    + . .      Spirit   .   y - +2 robe of Twilight {+Blink}
rPois   .          Reflect  .   A - +2 helmet {SInv}
rElec   .          Harm     .   (no cloak)
rCorr   .          Rampage  .   r - +1 pair of gloves
Will    .....                   (no boots)
Stlth   ++++......              (no amulet)
HPRegen 0.23/turn               g - +4 ring of protection
MPRegen 0.18/turn               t - ring of positive energy

@: about to teleport, invisible, very slow
A: fangs 1, strong nose, distributed training
a: Renounce Religion, Evoke Blink, Bend Time, Temporal Distortion, Slouch


You were on level 12 of the Dungeon.
You worshipped Cheibriados.
Cheibriados was greatly pleased with you.
You visited 1 branch of the dungeon, and saw 12 of its levels.

You collected 734 gold pieces.
You spent 287 gold pieces at shops.

Inventory:

Hand Weapons
 i - a +5 vampiric war axe (weapon)
Armour
 a - a +2 robe of positive energy
 m - the +8 chain mail of Birdsong {Will+}
   (You found it on level 3 of the Dungeon)

   Will:      It increases your willpower.
 n - an orb of energy
 r - a +1 pair of gloves (worn)
 y - the +2 robe of Twilight (worn) {+Blink}
   (You found it on level 7 of the Dungeon)

   +Blink:    It lets you blink.
 A - a +2 helmet of see invisible (worn)
Magical Staves
 d - a staff of poison
Jewellery
 g - a +4 ring of protection (left hand)
 t - a ring of positive energy (right hand)
 w - an amulet of guardian spirit
Wands
 o - a wand of mindburst (2)
 q - a wand of digging (4)
 v - a wand of charming (8)
 z - a wand of polymorph (8)
Scrolls
 j - 2 scrolls of immolation
 k - 4 scrolls of magic mapping
 p - 2 scrolls of fog
 B - a scroll of teleportation
 F - a scroll of blinking {unknown}
Potions
 b - 2 potions of magic
 c - 5 potions of haste
 e - 4 potions of curing
 f - 3 potions of degeneration
 h - 2 potions of invisibility
 l - 3 potions of lignification
 s - a potion of attraction
 u - 2 potions of brilliance
 x - a potion of might
 C - a potion of ambrosia
 E - a potion of flight


   Skills:
 + Level 6.6 Fighting
 + Level 6.6 Short Blades
 + Level 6.6 Long Blades
 + Level 6.6 Axes
 + Level 6.6 Maces & Flails
 + Level 6.6 Polearms
 + Level 6.6 Staves
 + Level 6.6 Slings
 + Level 6.6 Bows
 + Level 6.6 Crossbows
 + Level 6.6 Throwing
 + Level 6.6 Armour
 + Level 8.1 Dodging
 + Level 7.9 Stealth
 + Level 6.6 Shields
 + Level 6.6 Unarmed Combat
 + Level 8.4 Spellcasting
 + Level 5.9 Conjurations
 + Level 5.4 Hexes
 + Level 5.4 Summonings
 + Level 5.4 Necromancy
 + Level 5.4 Translocations
 + Level 5.4 Transmutations
 + Level 7.8 Fire Magic
 + Level 5.4 Ice Magic
 + Level 5.4 Air Magic
 + Level 5.4 Earth Magic
 + Level 5.4 Poison Magic
 + Level 7.2 Invocations
 + Level 6.6 Evocations


You had 15 spell levels left.
You knew the following spells:

 Your Spells              Type           Power      Damage    Failure   Level
a - Foxfire               Conj/Fire      100%       2x1d9     1%          1
b - Scorch                Fire           100%       2d10      1%          2
c - Flame Wave            Conj/Fire      51%        2d10      2%          4
d - Passage of Golubria   Tloc           43%        N/A       4%          4

Your spell library contained the following spells:

 Spells                   Type           Power      Damage    Failure   Level
 Necrotize                Necr           100%       1d9       1%          1
 Ensorcelled Hibernation  Hex/Ice        86%        N/A       1%          2
 Passwall                 Tmut/Erth      35%        N/A       1%          2
 Conjure Flame            Conj/Fire      51%        6-21      1%          3
 Dazzling Flash           Conj/Hex       90%        N/A       1%          3
 Inner Flame              Hex/Fire       50%        N/A       1%          3
 Swiftness                Air            43%        N/A       1%          3
 Tukima's Dance           Hex            43%        N/A       1%          3
 Vampiric Draining        Necr           43%        2d9       1%          3
 Hailstorm                Conj/Ice       45%        3d10      4%          4
 Ice Form                 Ice/Tmut       43%        N/A       4%          4
 Iskenderun's Mystic Bla  Conj/Tloc      45%        2d10      4%          4
 Agony                    Necr           43%        N/A       13%         5
 Silence                  Hex/Air        21%        N/A       13%         5
 Yara's Violent Unravell  Hex/Tmut       21%        3d10      13%         5
 Starburst                Conj/Fire      25%        6d8       36%         6
 Simulacrum               Ice/Necr       21%        N/A       58%         6


Dungeon Overview and Level Annotations

Branches:
Dungeon (12/15)            Temple (0/1) D:6            Lair (0/6) D:9
    Orc (0/2) D:11

Altars:
Cheibriados
Qazlal
Trog
Uskayaw
Wu Jian
Xom

Shops:
D:2 *   D:7 [


Innate Abilities, Weirdness & Mutations

You have very sharp teeth.
Your uncanny sense of smell can sniff out nearby items.
Your experience applies equally to all skills.


Message History

A wave of flame ripples out!
The flame wave engulfs the wraith!
You destroy the wraith!
Cheibriados appreciates the change of pace.
The flame wave engulfs the troll!
You kill the troll!
Cheibriados appreciates the change of pace.
The flame wave engulfs the orc priest!
You kill the orc priest!
Cheibriados appreciates the change of pace.
The flame wave engulfs the orc wizard!
You kill the orc wizard!
Cheibriados thoroughly appreciates the change of pace.
You finish channelling waves of flame.
A boulder beetle comes into view.
Items here: )))) [[[[ †††.
The boulder beetle curls into a ball and begins rolling!
The orc hits you but does no damage. The orc hits you with a +0 flail.
Things that are here:
a +0 club; a +0 leather armour; an orc corpse You completely miss the orc.
The orc misses you.
You hit the boulder beetle but do no damage.
You slash the orc!
You kill the orc!
Cheibriados thoroughly appreciates the change of pace.
The boulder beetle hits you!!
The boulder beetle stops rolling and uncurls.
You hit the boulder beetle.
You feel better.
The boulder beetle is lightly wounded.
The boulder beetle bites you!!
Unknown command.
Okay, then.
You fail to use your ability.
The boulder beetle bites you!!
* * * LOW HITPOINT WARNING * * *
You blink.
Found a potion of curing.
The boulder beetle leaps!
As you read the scroll of teleportation, it crumbles to dust.
You feel strangely unstable.
The boulder beetle curls into a ball and begins rolling!
You fade into invisibility!
You feel stable enough to blink again. The boulder beetle hits you!
You die...

######..###....
#<)))...........
#[)°.....^.......
#..[)°.>..........
#.(...°...........
#......°........#.
#.......○.........
#........B........
##$.......@.......
......#.........
.#######..##....
.!.. ... ..... ..
....... ........
#........#


You could see a boulder beetle (rolling, can't see you).

Vanquished Creatures
  Erolcha (D:11)
  3 two-headed ogres
  2 ugly things (D:11)
  A cyclops (D:11)
  A gargoyle (D:10)
  2 trolls
  A polar bear (D:11)
  Prince Ribbit (D:5)
  Grinder (D:5)
  A hornet (D:8)
  2 centaur simulacra (D:11)
  A wyvern (D:9)
  A wraith (D:12)
  4 yaks (D:9)
  A shadow (D:11)
  3 vampire mosquitoes (D:11)
  A water moccasin (D:8)
  4 ice beasts
  4 orc warriors
  4 black bears
  An ogre (D:6)
  2 centaurs
  2 kobold brigands
  3 bullfrogs (D:7)
  2 gnoll sergeants
  5 scorpions
  8 wights
  7 killer bees
  7 howler monkeys
  5 jellies
  4 electric eels (D:11)
  5 hounds
  A gnoll shaman (D:3)
  12 orc priests
  An iguana (D:4)
  11 orc wizards
  8 adders
  11 gnolls
  2 shadow imps
  2 ufetubi
  3 worms
  5 dart slugs
  34 orcs
  12 endoplasms
  2 giant cockroaches
  10 goblins
  8 hobgoblins
  8 jackals
  8 quokkas
  5 ball pythons
  3 bats
  3 frilled lizards
  14 kobolds
  5 rats
258 creatures vanquished.

Vanquished Creatures (others)
  An orc wizard (D:11)
  217 foxfires
218 creatures vanquished.

Grand Total: 476 creatures vanquished

Notes
Turn   | Place    | Note
-------+----------+-------------------------------------------
     0 | D:1      | Ijustatesigmund the Gnoll Fire Elementalist began the quest
                  | for the Orb.
     0 | D:1      | Reached XP level 1. HP: 13/13 MP: 6/6
   183 | D:1      | Reached XP level 2. HP: 19/19 MP: 5/7
   432 | D:1      | Found a faded altar of an unknown god.
   765 | D:1      | Reached XP level 3. HP: 25/25 MP: 6/9
   919 | D:1      | Reached skill level 5 in Spellcasting
  1288 | D:1      | Learned a level 2 spell: Scorch
  1638 | D:2      | Reached skill level 1 in Invocations
  1652 | D:2      | Reached skill level 1 in Fighting
  1652 | D:2      | Reached skill level 1 in Short Blades
  1652 | D:2      | Reached skill level 1 in Long Blades
  1652 | D:2      | Reached skill level 1 in Axes
  1652 | D:2      | Reached skill level 1 in Maces & Flails
  1652 | D:2      | Reached skill level 1 in Polearms
  1652 | D:2      | Reached skill level 1 in Staves
  1652 | D:2      | Reached skill level 1 in Slings
  1652 | D:2      | Reached skill level 1 in Bows
  1652 | D:2      | Reached skill level 1 in Crossbows
  1652 | D:2      | Reached skill level 1 in Throwing
  1652 | D:2      | Reached skill level 1 in Armour
  1652 | D:2      | Reached skill level 1 in Shields
  1652 | D:2      | Reached skill level 1 in Unarmed Combat
  1652 | D:2      | Reached skill level 1 in Evocations
  1652 | D:2      | Reached XP level 4. HP: 19/32 MP: 0/11
  2223 | D:2      | Found Ifrui's General Store.
  2229 | D:2      | Bought a potion of curing for 33 gold pieces
  2229 | D:2      | Bought a scroll of identify for 22 gold pieces
  2433 | D:2      | Identified the +0 plate armour of Pride {-Cast rN+ Str+3}
  2474 | D:2      | Reached skill level 1 in Hexes
  2474 | D:2      | Reached skill level 1 in Summonings
  2474 | D:2      | Reached skill level 1 in Necromancy
  2474 | D:2      | Reached skill level 1 in Translocations
  2474 | D:2      | Reached skill level 1 in Transmutations
  2474 | D:2      | Reached skill level 1 in Ice Magic
  2474 | D:2      | Reached skill level 1 in Air Magic
  2474 | D:2      | Reached skill level 1 in Earth Magic
  2474 | D:2      | Reached skill level 1 in Poison Magic
  3072 | D:3      | Reached XP level 5. HP: 33/37 MP: 9/12
  3231 | D:3      | Found a shimmering altar of Xom.
  3236 | D:3      | Found a shimmering altar of Xom.
  3238 | D:3      | Found a shimmering altar of Xom.
  3238 | D:3      | Found a shimmering altar of Xom.
  3493 | D:3      | Identified the +8 chain mail of Birdsong {Will+}
  3577 | D:3      | Noticed a black bear
  3582 | D:3      | Killed a black bear
  3583 | D:3      | Reached XP level 6. HP: 44/44 MP: 8/13
  3924 | D:4      | Noticed a black bear
  4188 | D:3      | Reached skill level 5 in Dodging
  4525 | D:4      | Learned a level 4 spell: Flame Wave
  4741 | D:4      | Killed a black bear
  4742 | D:4      | Reached XP level 7. HP: 37/51 MP: 9/15
  5489 | D:5      | Entered Level 5 of the Dungeon
  5491 | D:5      | Noticed Prince Ribbit
  5497 | D:5      | Killed Prince Ribbit
  5498 | D:5      | Reached skill level 5 in Stealth
  5543 | D:5      | Reached XP level 8. HP: 34/57 MP: 10/16
  5967 | D:5      | Found a snail-covered altar of Cheibriados.
  5980 | D:5      | Became a worshipper of Cheibriados the Contemplative
  6476 | D:5      | Noticed Grinder
  6522 | D:5      | Killed Grinder
  6874 | D:6      | Reached * piety under Cheibriados
  7031 | D:6      | Found a staircase to the Ecumenical Temple.
  7047 | D:6      | Reached XP level 9. HP: 45/65 MP: 8/18
  8218 | D:6      | Found a hide-covered altar of Uskayaw.
  8489 | D:7      | Identified the +2 robe of Twilight {+Blink}
  8508 | D:7      | Found Zanloh's Antique Armour Shop.
  8520 | D:7      | Bought a glowing helmet for 232 gold pieces
  8969 | D:7      | Found a bloodstained altar of Trog.
  9005 | D:7      | Found a stormy altar of Qazlal.
  9243 | D:7      | Reached ** piety under Cheibriados
  9568 | D:8      | Noticed a hornet
  9572 | D:8      | Reached skill level 5 in Invocations
  9572 | D:8      | Paralysed by a hornet for 2 turns
  9576 | D:8      | Killed a hornet
 10480 | D:8      | Reached XP level 10. HP: 73/73 MP: 15/20
 10819 | D:9      | Found a staircase to the Lair.
 11245 | D:9      | Reached skill level 5 in Fighting
 11245 | D:9      | Reached skill level 5 in Short Blades
 11245 | D:9      | Reached skill level 5 in Long Blades
 11245 | D:9      | Reached skill level 5 in Axes
 11245 | D:9      | Reached skill level 5 in Maces & Flails
 11245 | D:9      | Reached skill level 5 in Polearms
 11245 | D:9      | Reached skill level 5 in Staves
 11245 | D:9      | Reached skill level 5 in Slings
 11245 | D:9      | Reached skill level 5 in Bows
 11245 | D:9      | Reached skill level 5 in Crossbows
 11245 | D:9      | Reached skill level 5 in Throwing
 11245 | D:9      | Reached skill level 5 in Armour
 11245 | D:9      | Reached skill level 5 in Shields
 11245 | D:9      | Reached skill level 5 in Unarmed Combat
 11245 | D:9      | Reached skill level 5 in Evocations
 11316 | D:9      | Reached *** piety under Cheibriados
 11774 | D:9      | Paralysed by a kobold for 5 turns
 11937 | D:9      | Noticed a two-headed ogre
 11954 | D:9      | Killed a two-headed ogre
 11955 | D:9      | Reached skill level 5 in Conjurations
 12761 | D:10     | Entered Level 10 of the Dungeon
 12799 | D:10     | Noticed a two-headed ogre
 12801 | D:10     | Killed a two-headed ogre
 12876 | D:10     | Found an ornate altar of the Wu Jian Council.
 12915 | D:10     | Noticed a two-headed ogre
 12928 | D:10     | Killed a two-headed ogre
 12929 | D:10     | Reached XP level 11. HP: 39/81 MP: 22/22
 13389 | D:10     | Learned a level 4 spell: Passage of Golubria
 13934 | D:11     | Noticed a cyclops
 13945 | D:11     | Killed a cyclops
 13946 | D:11     | Reached skill level 5 in Hexes
 13946 | D:11     | Reached skill level 5 in Summonings
 13946 | D:11     | Reached skill level 5 in Necromancy
 13946 | D:11     | Reached skill level 5 in Translocations
 13946 | D:11     | Reached skill level 5 in Transmutations
 13946 | D:11     | Reached skill level 5 in Ice Magic
 13946 | D:11     | Reached skill level 5 in Air Magic
 13946 | D:11     | Reached skill level 5 in Earth Magic
 13946 | D:11     | Reached skill level 5 in Poison Magic
 14158 | D:11     | Found a staircase to the Orcish Mines.
 14244 | D:11     | Noticed a purple ugly thing
 14246 | D:11     | Reached **** piety under Cheibriados
 14262 | D:11     | Killed a purple ugly thing
 14691 | D:11     | Noticed a red ugly thing
 14709 | D:11     | Killed a purple ugly thing
 15259 | D:12     | Noticed Erolcha
 15332 | D:11     | Killed Erolcha
 15383 | D:12     | Noticed a boulder beetle
 15388 | D:12     | HP: 3/83 [boulder beetle (23)]
 15392 | D:12     | Mangled by a boulder beetle

Illustrated notes

Levels and vault maps discovered:
D:1:      elethiomel_arrival_infinity_welcomes_careful_drivers,
          layout_loops_cross, ebering_ecumenical_altar_box, dk_noncrumbling_2,
          chequers_garden, serial_park_tiny_2, hangedman_abyss_or_decor_stabs
D:2:      layout_basic, serial_shops, nicolae_shop_stone,
          minmay_fractal_squares_gapless_5
D:3:      layout_loops_corners, xom_redecorated
D:4:      layout_loops_ring, minmay_fractal_squares_diagonal_5
D:5:      layout_cave_pools, cheibriados_altar_1, uniq_prince_ribbit1,
          uniq_grinder
D:6:      layout_layer_cave, kennysheep_mini_moat, minmay_temple_entry_overgrown
D:7:      layout_rooms, bloody_trog, lemuel_round_altar, serial_shops,
          nicolae_shop_overgrown_old_shop
D:8:      layout_rooms, serial_glass, glass_columns_a, glass_columns_a,
          glass_columns_a, glass_columns_a
D:9:      layout_basic, lair_entry_dummy
D:10:     layout_loops_ring, amcnicky_altar_gilded, hex_large
D:11:     layout_rooms, orc_0_dummy, serial_ice, serial_ice_b, serial_ice_k,
          serial_ice_a, serial_ice_g, serial_ice_h, serial_ice_n,
          grunt_decor_resistance, minmay_misc_feat_enclosed, water_maze_lemuel
D:12:     minmay_mutant_horseshoe, layout_rooms, okawaru_gym_becter,
          uniq_erolcha

Skill      XL: |  1  2  3  4  5  6  7  8  9 10 11 |
---------------+----------------------------------+-----
Conjurations   | 2 3 4 5 |  5.9
Spellcasting   | 5 6 7 8 |  8.4
Invocations    | 1 2 3 4 5 6 7 |  7.2
Fighting       | 1 2 3 4 5 6 |  6.6
Short Blades   | 1 2 3 4 5 6 |  6.6
Long Blades    | 1 2 3 4 5 6 |  6.6
Axes           | 1 2 3 4 5 6 |  6.6
Maces & Flails | 1 2 3 4 5 6 |  6.6
Polearms       | 1 2 3 4 5 6 |  6.6
Staves         | 1 2 3 4 5 6 |  6.6
Slings         | 1 2 3 4 5 6 |  6.6
Bows           | 1 2 3 4 5 6 |  6.6
Crossbows      | 1 2 3 4 5 6 |  6.6
Throwing       | 1 2 3 4 5 6 |  6.6
Armour         | 1 2 3 4 5 6 |  6.6
Shields        | 1 2 3 4 5 6 |  6.6
Unarmed Combat | 1 2 3 4 5 6 |  6.6
Evocations     | 1 2 3 4 5 6 |  6.6
Hexes          | 1 2 3 4 5 |  5.4
Summonings     | 1 2 3 4 5 |  5.4
Necromancy     | 1 2 3 4 5 |  5.4
Translocations | 1 2 3 4 5 |  5.4
Transmutations | 1 2 3 4 5 |  5.4
Ice Magic      | 1 2 3 4 5 |  5.4
Air Magic      | 1 2 3 4 5 |  5.4
Earth Magic    | 1 2 3 4 5 |  5.4
Poison Magic   | 1 2 3 4 5 |  5.4
Dodging        | 5 6 7 8 |  8.1
Stealth        | 5 6 7 |  7.9
Fire Magic     | 6 7 |  7.8

Action                   |  1- 3 |  4- 6 |  7- 9 | 10-12 || total
-------------------------+-------+-------+-------+-------++-------
Melee: Unarmed           |     1 |       |       |       ||     1
       Dagger            |    19 |   102 |    54 |       ||   175
       Bite              |     3 |    16 |    15 |    23 ||    57
       Punch             |     1 |       |     3 |     7 ||    11
       War axe           |       |       |    56 |   130 ||   186
 Cast: Foxfire           |    46 |    25 |    43 |    13 ||   127
       Scorch            |     7 |    31 |    55 |    28 ||   121
       Flame Wave        |       |       |     6 |    14 ||    20
Invok: Bend Time         |       |       |       |     1 ||     1
 Abil: Evoke Blink       |       |       |       |     5 ||     5
Evoke: Wand              |       |       |     5 |    18 ||    23
  Use: Scroll            |     5 |     7 |     2 |    11 ||    25
       Potion            |       |     1 |     1 |     4 ||     6
 Stab: Sleeping          |       |     2 |     4 |     4 ||    10
       Distracted        |       |     1 |       |     1 ||     2
       Paralysed         |       |       |       |     6 ||     6
Armor: Robe              |     5 |    52 |    70 |    71 ||   198
Dodge: Dodged            |    15 |   114 |   143 |   196 ||   468

Table legend: (Time is in decaauts)
 A = Elapsed time spent in this place.
 B = Non-inter-level travel time spent in this place.
 C = Inter-level travel time spent in this place.
 D = Time resting spent in this place.
 E = Time spent auto-exploring this place.
 F = Levels seen in this place.
 G = Mean time per level.
                   A        B        C        D        E       F      G
               +--------+--------+--------+--------+--------+-----+--------+
         Total |  17676 |  17194 |    482 |   4840 |  10055 |  12 | 1473.0 |
       Dungeon |  17676 |  17194 |    482 |   4840 |  10055 |  12 | 1473.0 |
               +--------+--------+--------+--------+--------+-----+--------+

Top non-repeatable levels by time:
     D:9: 2549 daAuts
     D:6: 2336 daAuts
    D:10: 1811 daAuts
     D:3: 1592 daAuts
    D:11: 1589 daAuts
     D:8: 1551 daAuts
     D:1: 1469 daAuts
     D:5: 1332 daAuts
     D:2: 1255 daAuts
     D:4: 1162 daAuts
     D:7: 991 daAuts
    D:12: 34 daAuts
